 Dungeon Crawl Stone Soup version 0.29.1-15-g9cfb28693d (webtiles) character file.

Game seed: 17268380614781363241

120 protoss039 the Digger (level 4, -1/34 HPs)
             Began as a Demonspawn Earth Elementalist on Mar 14, 2023.
             Hit by a boomerang thrown by an orc (4 damage)
             ... on level 3 of the Dungeon.
             The game lasted 00:02:44 (2807 turns).

protoss039 the Digger (DsEE)                        Turns: 2807, Time: 00:02:44

Health: -1/34      AC:  3    Str:  8    XL:     4   Next: 75%
Magic:  3/8        EV: 11    Int: 18    God:
Gold:   86         SH:  0    Dex: 14    Spells: 6/9 levels left

rFire   + . .      SeeInvis .   c - +0 dagger
rCold   x . .      Faith    .   (no shield)
rNeg    . . .      Spirit   .   o - +0 leather armour
rPois   .          Reflect  .   (no helmet)
rElec   .          Harm     .   (no cloak)
rCorr   .          Rampage  .   (no gloves)
Will    .....                   (no boots)
Stlth   ++........              (no amulet)
HPRegen 0.11/turn               k - ring of fire
MPRegen 0.11/turn               l - ring of wizardry

@: no status effects
A: demonic magic 1, weakness stinger 2
a: no special abilities


You were on level 3 of the Dungeon.
You visited 1 branch of the dungeon, and saw 3 of its levels.

You collected 86 gold pieces.

Inventory:

Hand Weapons
 c - a +0 dagger (weapon)
Armour
 o - a +0 leather armour (worn)
Jewellery
 k - a ring of fire (left hand)
 l - a ring of wizardry (right hand)
Scrolls
 a - a scroll of brand weapon
 d - a scroll of enchant armour
 e - 2 scrolls of teleportation {unknown}
 g - a scroll of butterflies {unknown}
 h - a scroll of identify
 i - a scroll of amnesia {unknown}
 j - 2 scrolls of magic mapping
 n - a scroll of noise {unknown}
 q - a scroll of fear {unknown}
 r - a scroll of vulnerability {unknown}
Potions
 b - a potion of magic
 f - a potion of cancellation {unknown}
 m - a potion of invisibility {unknown}
 p - 2 potions of curing {unknown}
 s - a potion of degeneration {unknown}


   Skills:
 + Level 2.3 Fighting
 - Level 1.7 Dodging
 - Level 1.7 Stealth
 + Level 3.1 Spellcasting
 - Level 0.8 Transmutations
 + Level 3.6 Earth Magic


You had 6 spell levels left.
You knew the following spells:

 Your Spells              Type           Power      Damage    Failure   Level
a - Sandblast             Erth           30%        2d9       2%          1
b - Passwall              Tmut/Erth      8%         N/A       6%          2

Your spell library contained the following spells:

 Spells                   Type           Power      Damage    Failure   Level
 Beastly Appendage        Tmut           10%        N/A       7%          1
 Wereblood                Tmut           5%         N/A       11%         2
 Stone Arrow              Conj/Erth      18%        3d8       13%         3
 Spider Form              Tmut/Pois      4%         N/A       24%         3
 Petrify                  Tmut/Erth      10%        N/A       34%         4


Dungeon Overview and Level Annotations

Branches:
Dungeon (3/15) Zot: 15161

Altars:
Kikubaaqudgha
Ru


Innate Abilities, Weirdness & Mutations

Spells you cast may paralyse adjacent enemies.
You have a tail ending in a sharp stinger.


Message History

The boomerang hits you.
The orc throws a boomerang.
The boomerang barely misses you.
Casting: Sandblast (safe; 2% risk of failure)
Confirm with . or Enter, or press ? or * to list all spells.
Aiming: Sandblast (safe; 2% risk of failure)
Press: ? - help, Shift-Dir - straight line, f - orc priest
Aim: an orc priest, wielding a +0 club (82% to hit)
The blast of sand hits the orc priest.
The orc priest is heavily wounded.
Malevolent energies surge around you.
The orc throws a boomerang.
The boomerang hits you.
The orc priest mumbles some strange prayers to Beogh against you.
Beogh smites you!
* * * LOW HITPOINT WARNING * * *
Unknown command.
Casting: Sandblast (safe; 2% risk of failure)
Confirm with . or Enter, or press ? or * to list all spells.
Aiming: Sandblast (safe; 2% risk of failure)
Press: ? - help, Shift-Dir - straight line, f/p - orc priest
Aim: an orc priest, wielding a +0 club (heavily wounded, 82% to hit)
The blast of sand misses the orc priest.
Malevolent energies surge around you.
The orc throws a boomerang.
The boomerang hits you.
* * * LOW HITPOINT WARNING * * *
The orc misses you.
The orc priest looks braver for a moment.
The orc throws a boomerang.
The boomerang misses you. The goblin completely misses you.
The orc hits you with a +0 whip.
* * * LOW HITPOINT WARNING * * *
Casting: Sandblast (safe; 2% risk of failure)
Confirm with . or Enter, or press ? or * to list all spells.
Aiming: Sandblast (safe; 2% risk of failure)
Press: ? - help, Shift-Dir - straight line, f/p - orc priest
Aim: an orc priest, wielding a +0 club (heavily wounded, 82% to hit)
The blast of sand hits the orc priest!
You kill the orc priest!
Malevolent energies surge around you.
The orc suddenly stops moving!
The goblin suddenly stops moving!
The orc throws a boomerang.
The boomerang hits you.
You die...

####### ##......# ####
##........ ...#######
#......o..
.........######.........
..........##........$...
...........#.....)......
...........#....@o).....
...).......#.....g......
..........(.............
...........#............
..........##............
#............##.........
.†.........####.........
#............ #.........
#.)........#. ##.......


You could see 2 orcs and a goblin (paralysed).

Vanquished Creatures
  An orc priest (D:3)
  An orc wizard (D:3)
  4 adders
  An orc (D:3)
  8 ball pythons
  5 endoplasms
  4 giant cockroaches
  6 goblins
  3 hobgoblins
  4 quokkas
  7 bats
  5 frilled lizards
  5 kobolds
  3 rats
57 creatures vanquished.

Notes
Turn   | Place    | Note
-------+----------+-------------------------------------------
     0 | D:1      | protoss039 the Demonspawn Earth Elementalist began the
                  | quest for the Orb.
     0 | D:1      | Reached XP level 1. HP: 13/13 MP: 3/3
   249 | D:1      | Found a faded altar of an unknown god.
   509 | D:1      | Gained mutation: Spells you cast may paralyse adjacent
                  | enemies. [demonic ancestry]
   509 | D:1      | Reached XP level 2. HP: 20/20 MP: 3/5
   649 | D:1      | Reached skill level 1 in Fighting
   756 | D:1      | HP: 1/21 [frozen (4)]
  1494 | D:1      | Learned a level 2 spell: Passwall
  1502 | D:2      | Gained mutation: You have a small tail. [demonic ancestry]
  1502 | D:2      | Reached XP level 3. HP: 26/26 MP: 2/6
  2585 | D:3      | Found an ancient bone altar of Kikubaaqudgha.
  2590 | D:3      | Gained mutation: You have a tail ending in a sharp stinger.
                  | [demonic ancestry]
  2590 | D:3      | Reached XP level 4. HP: 33/33 MP: 6/8
  2625 | D:3      | Found a sacrificial altar of Ru.
  2807 | D:3      | Hit by a boomerang thrown by an orc

Illustrated notes

Levels and vault maps discovered:
D:1:      lemuel_arrival_lava_pool, layout_loops_ring,
          hellmonk_ecumenical_altar_arch_garden
D:2:      layout_loops_cross, hangedman_decor_clover_reticule,
          kennysheep_pointless_box
D:3:      minmay_wonky_spiral, layout_rooms, mainiacjoe_overflow_tiny_flanked,
          lemuel_coloured_pillars_altar

Skill      XL: |  1  2  3  4 |
---------------+-------------+-----
Fighting       | 1 2 |  2.3
Earth Magic    | 3 |  3.6
Spellcasting   | 3 |  3.1
Dodging        | |  1.7
Stealth        | |  1.7
Transmutations | |  0.8

Action                   |  1- 3 |  4- 6 || total
-------------------------+-------+-------++-------
Melee: Dagger            |    59 |       ||    59
       Tailslap          |     6 |       ||     6
       Punch             |     1 |       ||     1
 Cast: Sandblast         |    49 |    16 ||    65
  Use: Scroll            |     3 |       ||     3
 Stab: Sleeping          |     3 |       ||     3
       Paralysed         |     2 |       ||     2
Armor: Robe              |    15 |       ||    15
       Leather armour    |    15 |       ||    15
Dodge: Dodged            |    58 |     4 ||    62
